 Dungeon Crawl Stone Soup version 0.22-a0-247-gbddf880 (webtiles) character file.

2920 wazuzu the Scholar of Death (level 9, -9/62 HPs)
             Began as a Demonspawn Wizard on Feb 27, 2018.
             Was a Follower of Kikubaaqudgha.
             Mangled by a two-headed ogre
             ... wielding a +0 giant club
              (20 damage)
             ... on level 9 of the Dungeon.
             The game lasted 00:28:12 (10083 turns).

wazuzu the Scholar of Death (Demonspawn Wizard)    Turns: 10083, Time: 00:28:13

Health: -9/62      AC:  5    Str:  7    XL:     9   Next: 50%
Magic:  14/16      EV: 13    Int: 24    God:    Kikubaaqudgha [*.....]
Gold:   248        SH:  0    Dex: 11    Spells: 10/18 levels left

rFire    . . .     SeeInvis .   n - staff of energy
rCold    + . .     Gourm    .   (no shield)
rNeg     . . .     Faith    .   a - +0 robe
rPois    .         Spirit   .   v - +1 hat
rElec    .         Reflect  .   (no cloak)
rCorr    .         Harm     .   (no gloves)
MR       .....                  j - +0 pair of boots
Stlth    ++........             z - amulet of regeneration
HPRegen  0.60/turn              (no ring)
MPRegen  0.15/turn              (no ring)

@: no status effects
A: talons 2, rugged brown scales 1, cold resistance 1
a: Receive Corpses, Renounce Religion


You were on level 9 of the Dungeon.
You worshipped Kikubaaqudgha.
Kikubaaqudgha was aware of your devotion.
You were hungry.

You visited 2 branches of the dungeon, and saw 10 of its levels.

You collected 290 gold pieces.
You spent 42 gold pieces at shops.

Inventory:

Armour
 a - a +0 robe (worn)
 b - a +0 buckler
 j - a +0 pair of boots (worn)
 v - a +1 hat (worn)
Magical Staves
 n - an uncursed staff of energy (weapon)
Jewellery
 z - an amulet of regeneration (around neck)
Wands
 p - a wand of random effects (19)
Scrolls
 d - a scroll of enchant armour
 e - 5 scrolls of remove curse
 l - 3 scrolls of teleportation
 q - 2 scrolls of identify
 r - a scroll of magic mapping
 u - a scroll of fear
Potions
 f - a potion of berserk rage {unknown}
 g - a potion of heal wounds
 h - a potion of degeneration {unknown}
 i - a potion of brilliance
 k - a potion of invisibility {unknown}
 m - a potion of curing
 o - a potion of might {unknown}
 s - a potion of mutation {unknown}
 w - 2 potions of haste {unknown}
Comestibles
 c - 4 rations


   Skills:
 - Level 2.0 Fighting
 - Level 2.1 Armour
 - Level 3.0 Dodging
 - Level 1.7 Stealth
 - Level 4.0 Shields
 - Level 5.0 Spellcasting
 - Level 6.0 Conjurations
   Level 1.0 Summonings
 + Level 9.5 Necromancy
   Level 0.8 Translocations


You had 10 spell levels left.
You knew the following spells:

 Your Spells              Type           Power        Failure   Level  Hunger
a - Magic Dart            Conj           ####         1%          1    None
b - Vampiric Draining     Necr           ######....   1%          3    None
e - Animate Skeleton      Necr           N/A          1%          1    None
f - Conjure Flame         Conj/Fire      ###.....     8%          3    None


Dungeon Overview and Level Annotations

Branches:
Dungeon (9/15)             Temple (1/1) D:5
   Lair: D:8-11         Orc: D:9-12

Altars:
Dithmenos
Fedhas
Gozag
Hepliaklqana
Kikubaaqudgha
Ru
Sif Muna
Trog
Vehumet
Wu Jian
Xom
Yredelemnul

Shops:
D:5 ?[:=


Innate Abilities, Weirdness & Mutations

You have razor-sharp toenails.
You are partially covered in rugged brown scales. (AC +1, +3% HP)
Your flesh is cold resistant. (rC+)


Message History

Casting: Magic Dart (safe; 1% risk of failure)
Confirm with . or Enter, or press ? or * to list all spells.
Aiming: Magic Dart (safe; 1% risk of failure)
Press: ? - help, Shift-Dir - straight line, f - two-headed ogre
Aim: a two-headed ogre, wielding two giant clubs The magic dart hits the two-headed ogre.
The two-headed ogre is lightly wounded.
The two-headed ogre hits you with a giant club! x2
Casting: Magic Dart (safe; 1% risk of failure)
Confirm with . or Enter, or press ? or * to list all spells.
Aiming: Magic Dart (safe; 1% risk of failure)
Press: ? - help, Shift-Dir - straight line, f/p - two-headed ogre
Aim: a two-headed ogre, wielding two giant clubs (lightly wounded)
The magic dart hits the two-headed ogre.
The two-headed ogre is lightly wounded.
The two-headed ogre hits you with a giant club!!
* * * LOW HITPOINT WARNING * * *
The two-headed ogre hits you with a giant club!!
You die...
Kikubaaqudgha rasps: "You have failed me!
Welcome... death!"

....# ...#
...# #..#
#..# #..#
#..# #.@#
#O.# #..#
########..#
..........#
..........#
..........#
..........#
..........#


You could see a two-headed ogre.

Vanquished Creatures
  Sigmund (D:3)
  A hungry ghost (D:8)
  A water moccasin (D:6)
  2 sky beasts
  An ice beast (D:7)
  An orc warrior (D:8)
  An eye of draining (D:8)
  A hornet zombie (D:8)
  2 ogres
  A centaur (D:6)
  A big kobold (D:7)
  4 bullfrogs
  3 scorpions
  5 killer bees (D:8)
  A howler monkey (D:9)
  A crimson imp (D:8)
  2 centaur zombies
  6 hounds
  A bullfrog zombie (D:5)
  2 jellies
  3 bullfrog skeletons
  2 orc wizards
  A gnoll shaman (D:4)
  An iguana (D:8)
  Terence (D:3)
  5 worker ants
  8 gnolls
  13 adders
  A shadow imp (D:5)
  An ooze (D:2)
  3 worms
  3 dart slugs
  4 leopard geckos
  8 orcs
  6 giant cockroaches
  11 goblins
  5 hobgoblins
  13 kobolds
  3 quokkas
  2 ball pythons
  7 bats
  6 frilled lizards
  A giant cockroach zombie (D:5)
  5 rats
151 creatures vanquished.

Vanquished Creatures (others)
  3 jackals (D:2)
3 creatures vanquished.

Grand Total: 154 creatures vanquished

Notes
Turn   | Place    | Note
-------+----------+-------------------------------------------
     0 | D:1      | wazuzu the Demonspawn Wizard began the quest for the Orb.
     0 | D:1      | Reached XP level 1. HP: 13/13 MP: 4/4
   234 | D:1      | Gained mutation: You have sharp toenails. [demonic ancestry]
   234 | D:1      | Reached XP level 2. HP: 19/19 MP: 1/6
  1114 | D:2      | Gained mutation: You are partially covered in rugged brown scales. (AC +1, +3% HP) [demonic ancestry]
  1114 | D:2      | Reached XP level 3. HP: 19/24 MP: 3/7
  1484 | D:2      | Found a shadowy altar of Dithmenos.
  1637 | D:2      | Reached XP level 4. HP: 30/30 MP: 0/9
  2056 | D:3      | Noticed Terence
  2068 | D:3      | Killed Terence
  2215 | D:3      | Gained mutation: Your flesh is cold resistant. (rC+) [demonic ancestry]
  2215 | D:3      | Reached XP level 5. HP: 36/36 MP: 0/10
  2759 | D:3      | Noticed Sigmund
  3056 | D:3      | Killed Sigmund
  3056 | D:3      | Reached skill level 5 in Conjurations
  3056 | D:3      | Gained mutation: You have razor-sharp toenails. [demonic ancestry]
  3056 | D:3      | Reached XP level 6. HP: 18/42 MP: 0/12
  3478 | D:3      | Found a shimmering altar of Xom.
  3478 | D:3      | Found a basalt altar of Yredelemnul.
  4636 | D:5      | Entered Level 5 of the Dungeon
  4822 | D:5      | Reached XP level 7. HP: 40/47 MP: 8/14
  4834 | D:5      | Reached skill level 5 in Spellcasting
  4943 | D:5      | Found Hokkaicag's Jewellery Shoppe.
  4999 | D:5      | Reached skill level 1 in Fighting
  4999 | D:5      | Reached skill level 1 in Armour
  5088 | D:5      | Found Koluosuq's Magic Scroll Shoppe.
  5089 | D:5      | Found Vaaroraol's Book Shoppe.
  5089 | D:5      | Found Wymia's Armour Shoppe.
  5098 | D:5      | Bought a scroll of remove curse for 42 gold pieces
  5558 | D:5      | Found a staircase to the Ecumenical Temple.
  5617 | Temple   | Entered the Ecumenical Temple
  5628 | Temple   | Became a worshipper of Kikubaaqudgha
  5803 | D:6      | Reached skill level 1 in Necromancy
  5978 | D:6      | Reached skill level 2 in Necromancy
  6150 | D:6      | Reached skill level 3 in Necromancy
  6150 | D:6      | Reached XP level 8. HP: 53/57 MP: 4/15
  6450 | D:6      | Reached skill level 4 in Necromancy
  6497 | D:6      | Reached skill level 1 in Shields
  7211 | D:7      | Reached skill level 5 in Necromancy
  7337 | D:7      | Reached * piety under Kikubaaqudgha
  7337 | D:7      | Identified Kikubaaqudgha's Guide on Necromancy (Kikubaaqudgha gifted it to you on level 7 of the Dungeon)
  7337 | D:7      | Received a gift from Kikubaaqudgha
  7341 | D:7      | Learned a level 1 spell: Animate Skeleton
  7579 | D:7      | Reached skill level 6 in Necromancy
  7657 | D:7      | Learned a level 3 spell: Conjure Flame
  7777 | D:8      | Found a blossoming altar of Fedhas.
  8079 | D:8      | Reached XP level 9. HP: 51/62 MP: 11/16
  8126 | D:8      | Reached skill level 7 in Necromancy
  8477 | D:8      | Learned a level 3 spell: Vampiric Draining
  8898 | D:8      | Reached skill level 8 in Necromancy
  9496 | D:8      | Reached skill level 9 in Necromancy
  9656 | D:9      | Noticed a troll
  9816 | D:9      | Noticed a two-headed ogre
 10083 | D:9      | Mangled by a two-headed ogre

Vault maps used:
D:1:      lightli_arrival_windingriver
D:2:      overflow_temple_1_default, lemuel_flame_loot_1
D:3:      gammafunk_temple_overflow_elements, uniq_sigmund, uniq_terence
D:4:      first_ration, corexii_hall_statues_i
D:5:      minmay_temple_entry_glassed_door, minmay_shop_grid_forest
D:8:      overflow_temple_1_default
D:9:      gammafunk_temple_overflow_claw, hangedman_fish_farm, jiyva_altar_1,
          uniq_pikel
Temple:   eino_wide_crystal_templ

Skill      XL: |  1  2  3  4  5  6  7  8  9 |
---------------+----------------------------+-----
Conjurations   | 2 3 4 5 6 |  6.0
Spellcasting   | 4 5 |  5.0
Dodging        | 3 |  3.0
Fighting       | 2 |  2.0
Armour         | 2 |  2.1
Necromancy     | 3 6 9 |  9.5
Shields        | 4 |  4.0
Stealth        | |  1.7
Summonings     | |  1.0
Translocations | |  0.8

Action                   |  1- 3 |  4- 6 |  7- 9 || total
-------------------------+-------+-------+-------++-------
Melee: Dagger            |    13 |       |       ||    13
       Kick              |     4 |       |       ||     4
       Hand axe          |    30 |    13 |       ||    43
       Unarmed           |       |       |    14 ||    14
       Staff             |       |       |    42 ||    42
 Cast: Magic Dart        |    81 |   142 |   403 ||   626
       Conjure Flame     |       |       |     7 ||     7
       Animate Skeleton  |       |       |     4 ||     4
       Vampiric Draining |       |       |     2 ||     2
Evoke: Wand              |       |     1 |     1 ||     2
       Staff of energy   |       |       |     6 ||     6
  Use: Scroll            |       |     8 |     6 ||    14
       Potion            |       |     3 |     6 ||     9
  Eat: Chunk             |     2 |     5 |    10 ||    17
       Ration            |       |     1 |     2 ||     3
Armor: Robe              |    21 |    11 |    34 ||    66
       Skin              |       |    18 |    33 ||    51
Dodge: Dodged            |    59 |    35 |   136 ||   230

Table legend:
 A = Spawn XP
 B = Non-spawn XP
 C = Spawn XP percentage of total XP
 D = Spawn monster count
 E = Non-spawn monster count
 F = Spawn count percentage of total count
 G = Total turns spent on level
                    A         B        C        D         E        F      G
               +---------+---------+-------+---------+---------+-------+---------
         Total |       0 |    4172 |   0.0 |       0 |     151 |   0.0 | 10083
               +---------+---------+-------+---------+---------+-------+---------
           D:1 |       0 |      34 |   0.0 |       0 |      19 |   0.0 |  1069
           D:2 |       0 |      87 |   0.0 |       0 |      23 |   0.0 |   894
           D:3 |       0 |     355 |   0.0 |       0 |      21 |   0.0 |  1706
           D:4 |       0 |     159 |   0.0 |       0 |       9 |   0.0 |   967
           D:5 |       0 |     442 |   0.0 |       0 |      14 |   0.0 |  1113
           D:6 |       0 |     907 |   0.0 |       0 |      19 |   0.0 |  1122
           D:7 |       0 |     671 |   0.0 |       0 |      19 |   0.0 |   856
           D:8 |       0 |    1370 |   0.0 |       0 |      23 |   0.0 |  2185
           D:9 |       0 |     147 |   0.0 |       0 |       4 |   0.0 |   148
               +---------+---------+-------+---------+---------+-------+---------
